 Dungeon Crawl Stone Soup version 0.26-a0-1013-gf6ffb0d6bd (webtiles) character file.

Game seed: 2047884737261284517

48857 sahdkjhfkaj the Thaumaturge (level 14, -2/68 HPs)
             Began as a Vine Stalker Earth Elementalist on Dec 7, 2020.
             Was an Initiate of Gozag.
             Slain by an eight-headed hydra (6 damage)
             ... on level 5 of the Lair of Beasts.
             The game lasted 01:14:47 (29602 turns).

sahdkjhfkaj the Thaumaturge (VSEE)                 Turns: 29602, Time: 01:14:48

Health: -2/68      AC: 12    Str: 18    XL:     14   Next: 48%
Magic:  0/32       EV: 13    Int: 19    God:    Gozag
Gold:   89         SH:  5    Dex: 15    Spells: 13/39 levels left

rFire    . . .     SeeInvis .   a - +8 short sword "Hydrabane" {flame, *Corrode WL++ Str+6}
rCold    + . .     Faith    .   m - +0 buckler
rNeg     . . .     Spirit   +   O - +1 robe {rC+}
rPois    .         Reflect  .   o - +2 helmet
rElec    .         Harm     .   t - +1 cloak
rCorr    .         Rampage  .   b - +1 pair of gloves
Will     ++++.                  g - +0 pair of boots
Stlth    ++++......             (no amulet)
HPRegen  1.01/turn              v - ring of wizardry
MPRegen  0.23/turn              R - ring of willpower

@: studying Crossbows
A: fangs 3, regeneration 2, magic shield, antimagic bite, no potion heal 3, rot
immunity
a: Potion Petition, Call Merchant, Bribe Branch, Renounce Religion


You were on level 5 of the Lair of Beasts.
You worshipped Gozag.
Gozag was noncommittal.
You visited 3 branches of the dungeon, and saw 18 of its levels.
You also visited: Gauntlet.

You collected 4250 gold pieces.
You spent 1170 gold pieces at shops.
You paid 2991 gold pieces to Gozag.

Inventory:

Hand Weapons
 a - the +8 short sword "Hydrabane" (weapon) {flame, *Corrode WL++ Str+6}
   (You found it in a Gauntlet)

   It has been specially enchanted to burn those struck by it, causing extra
   injury to most foes and up to half again as much damage against particularly
   susceptible opponents.
   It affects your strength (+6).
   It affects your willpower, your defense against some magical effects.
   It may corrode you when you take damage.
Missiles
 h - 84 poisoned darts (quivered)
 j - 10 curare-tipped darts
 I - 17 javelins
 K - a throwing net {!f}
 T - 54 stones
Armour
 b - a +1 pair of gloves (worn)
 g - a +0 pair of boots (worn)
 m - a +0 buckler (worn)
 o - a +2 helmet (worn)
 t - a +1 cloak (worn)
 O - a +1 robe of cold resistance (worn)
Jewellery
 c - an uncursed ring of stealth
 v - a ring of wizardry (left hand)
 G - an uncursed ring of resist corrosion
 N - an uncursed ring of ice
 R - a ring of willpower (right hand)
Wands
 i - a wand of acid (51)
 k - a wand of disintegration (20)
 F - a wand of polymorph (16)
Scrolls
 e - 7 scrolls of remove curse {!r}
 w - 6 scrolls of amnesia {!r}
 y - a scroll of immolation {!r}
 C - 3 scrolls of enchant weapon {!r}
 D - 4 scrolls of magic mapping {!r}
 E - 3 scrolls of enchant armour {!r}
 H - a scroll of blinking {!r}
 J - 2 scrolls of summoning {!r}
 M - a scroll of brand weapon {!r}
 Q - 2 scrolls of fear {!r}
Potions
 f - 2 potions of cancellation {!q}
 l - a potion of flight {!q}
 n - 6 potions of curing {!q}
 p - 4 potions of brilliance {!q}
 q - a potion of ambrosia {!q}
 s - 3 potions of haste {!q}
 x - 2 potions of magic {!q}
 A - 5 potions of lignification {!q}
 B - a potion of invisibility {!q}
 L - a potion of resistance {!q}
 S - a potion of mutation {!q, unknown}
Books
 u - a manual of Crossbows
Miscellaneous
 V - a phantom mirror (inert)


   Skills:
 - Level 5.0 Fighting
 - Level 10.0 Short Blades
 + Level 4.3 Armour
 - Level 3.0 Dodging
 - Level 10.0 Stealth
 - Level 4.0 Shields
 - Level 13.0 Spellcasting
 - Level 2.0 Conjurations
 - Level 9.0 Transmutations
 - Level 10.0 Earth Magic
 - Level 5.0 Evocations


You had 13 spell levels left.
You knew the following spells:

 Your Spells              Type           Power        Failure   Level
a - Iron Shot             Conj/Erth      #####.....   26%         6
b - Borgnjor's Vile Clut  Necr/Erth      ####......   8%          5
c - Passwall              Tmut/Erth      #####...     1%          2
d - Petrify               Tmut/Erth      #####...     1%          4
e - Lee's Rapid Deconstr  Erth           ######....   1%          5
D - Passage of Golubria   Tloc           N/A          21%         4

Your spell library contained the following spells:

 Spells                   Type           Power        Failure   Level
 Sandblast                Erth           ######       1%          1
 Shock                    Conj/Air       ###.         1%          1
 Stone Arrow              Conj/Erth      #####.       1%          3
 Animate Skeleton         Necr           ##....       2%          1
 Freeze                   Ice            ##..         2%          1
 Pain                     Necr           ##..         2%          1
 Blink                    Tloc           N/A          3%          2
 Swiftness                Air            ##......     3%          2
 Static Discharge         Conj/Air       ###.....     4%          3
 Frozen Ramparts          Ice            ##....       6%          3
 Gell's Gravitas          Tloc           ##........   6%          3
 Lesser Beckoning         Tloc           ##........   6%          3
 Ozocubu's Armour         Ice            ##......     6%          3
 Teleport Other           Tloc           ##......     6%          3
 Vampiric Draining        Necr           ##........   6%          3
 Bolt of Magma            Conj/Fire/Erth ####......   12%         5
 Hailstorm                Conj/Ice       ###.....     14%         4
 Airstrike                Air            ##........   21%         4
 Animate Dead             Necr           ##........   21%         4
 Summon Ice Beast         Ice/Summ       ##......     21%         4
 Iskenderun's Battlesphe  Conj           ###.....     26%         5
 Lightning Bolt           Conj/Air       ###.......   36%         5
 Agony                    Necr           ##......     50%         5
 Freezing Cloud           Conj/Ice/Air   ##........   92%         6
 Death Channel            Necr           ##........   96%         6
 Dispersal                Tloc           ##........   96%         6
 Simulacrum               Ice/Necr       ##........   96%         6
 Orb of Destruction       Conj           ###.......   100%        7
 Spellforged Servitor     Conj/Summ      ###.......   100%        7


Dungeon Overview and Level Annotations

Branches:
Dungeon (11/15)            Temple (1/1) D:6            Lair (6/6) D:11
  Swamp (0/4) Lair:4       Spider (0/4) Lair:2        Slime (0/5) Lair:5
    Orc (0/2) D:9         Gauntlet (visited)

Altars:
Ashenzari
Cheibriados
Dithmenos
Elyvilon
Fedhas
Gozag
Hepliaklqana
Kikubaaqudgha
Makhleb
Nemelex Xobeh
Okawaru
Qazlal
Ru
Sif Muna
Trog
Uskayaw
Vehumet
Wu Jian
Xom
Yredelemnul
Zin
The Shining One
Beogh
Jiyva

Shops:
D:7 (   D:9 }   Lair:4 :}!:

Annotations:
D:10 3 runed translucent doors, rgaf's ghost, journeyman GrWz
D:11 exclusion: cyclops
Lair:2 8 exclusions
Lair:5 exclusions: entropy weaver, worker ant and 3 more exclusions


Innate Abilities, Weirdness & Mutations

You have razor-sharp teeth.
You heal very quickly.
When hurt, damage is shared between your health and your magic reserves.
Your bite disrupts and absorbs the magic of your enemies.
Potions cannot restore your health.
You are immune to rotting.


Message History

Unknown command.
The eight-headed hydra barely misses you. x2
The eight-headed hydra bites you!
* * * LOW HITPOINT WARNING * * *
The eight-headed hydra misses you. The eight-headed hydra bites you.
* * * LOW HITPOINT WARNING * * *
The eight-headed hydra bites you!
* * * LOW HITPOINT WARNING * * *
The eight-headed hydra bites you!
* * * LOW HITPOINT WARNING * * *
The eight-headed hydra bites you!
* * * LOW HITPOINT WARNING * * *
Unknown command.
The eight-headed hydra bites you!
* * * LOW HITPOINT WARNING * * *
The eight-headed hydra bites you.
* * * LOW HITPOINT WARNING * * *
The eight-headed hydra bites you.
You die...
Your body crumbles into a pile of gold.

##.....#.##..#..##.##....#..##
#..##.######.#..#..#.#<.[....#
..P#### #....#......##....#
.### #...........###...# ##
##..#.....#.##)..## #######
####.#...#####..P# #...#.#
######..## ##...## ......#
##.###...# #.....# #####.###
##....@..## ###..###
.##.#.#.###....D..#### ##..#.#
.........#..........P#
##....##
.........>...........###.....#
.......P.[...>.......#P###.!.#
............._......#...##..##
.............................#
...#........................##
...##...>...................#


You could see an eight-headed hydra.

Vanquished Creatures
  Rupert (Lair:5)
  Gastronok (D:9)
  A minotaur (Gauntlet)
  Josephine (Lair:3)
  Harold (D:7)
  Fannar (Lair:2)
  2 boulder beetles (Lair:5)
  3 hydras
  3 two-headed ogres
  A lindwurm (Lair:6)
  A manticore (D:11)
  3 black mambas
  9 elephants
  Psyche (D:9)
  14 cane toads
  2 kobold demonologists (D:11)
  2 ice devils (Lair:5)
  2 rime drakes
  4 komodo dragons
  2 polar bears
  2 jumping spiders (Lair:2)
  A troll (D:11)
  10 blink frogs
  Prince Ribbit (D:9)
  Grinder (D:3)
  7 flying skulls (Gauntlet)
  2 redbacks
  46 yaks
  4 wraiths
  Eustachio (D:6)
  8 wyverns
  4 basilisks
  9 vampire mosquitoes
  3 soldier ants (Lair:5)
  Edmund (D:4)
  14 water moccasins
  An acid dragon (D:11)
  2 ice beasts
  7 orc warriors
  A black bear (Lair:5)
  5 sky beasts
  9 ogres
  A necrophage (D:8)
  2 phantoms (D:7)
  17 wolves
  An eye of draining (D:10)
  2 centaurs
  A big kobold (D:7)
  Blork the orc (D:5)
  16 bullfrogs
  A wyvern zombie (D:10)
  5 scorpions
  3 killer bees
  6 wights
  An electric eel (Lair:4)
  5 howler monkeys
  2 centaur zombies
  2 quasits
  6 hounds
  6 jellies
  4 bullfrog skeletons
  6 orc priests
  10 orc wizards
  Crazy Yiuf (D:3)
  5 centaur skeletons
  Ijyb (D:3)
  4 iguanas
  14 worker ants
  A hound zombie (D:7)
  8 gnolls
  16 adders
  5 white imps
  2 ufetubi
  An ooze (D:8)
  An adder skeleton (D:4)
  A dart slug (D:1)
  2 worms (D:3)
  7 leopard geckos
  37 orcs
  4 ball pythons
  4 giant cockroaches
  5 hobgoblins
  19 jackals
  16 kobolds
  2 quokkas
  5 bats
  3 frilled lizards
  4 goblins
  A leopard gecko skeleton (D:4)
  A quokka skeleton (D:5)
  5 rats
467 creatures vanquished.

Vanquished Creatures (others)
  60 fungi
  80 plants
140 creatures vanquished.

Grand Total: 607 creatures vanquished

Notes
Turn   | Place    | Note
-------+----------+-------------------------------------------
     0 | D:1      | sahdkjhfkaj the Vine Stalker Earth Elementalist began the
                  | quest for the Orb.
     0 | D:1      | Reached XP level 1. HP: 9/9 MP: 4/4
   158 | D:1      | Reached XP level 2. HP: 13/13 MP: 4/6
   712 | D:1      | Learned a level 2 spell: Passwall
   738 | D:2      | Reached XP level 3. HP: 13/16 MP: 2/7
  1670 | D:2      | Gained mutation: Your natural rate of healing is unusually
                  | fast. [Vine Stalker growth]
  1670 | D:2      | Reached XP level 4. HP: 21/21 MP: 6/8
  2199 | D:3      | Reached skill level 5 in Earth Magic
  2268 | D:3      | Reached skill level 3 in Spellcasting
  2301 | D:3      | Reached XP level 5. HP: 23/24 MP: 10/10
  2373 | D:3      | Noticed Ijyb
  2389 | D:2      | Learned a level 5 spell: Lee's Rapid Deconstruction
  2495 | D:3      | Noticed Grinder
  2533 | D:3      | Reached skill level 4 in Spellcasting
  2649 | D:3      | Killed Ijyb
  2731 | D:3      | Learned a level 4 spell: Petrify
  2744 | D:3      | Paralysed by Grinder for 2 turns
  2841 | D:3      | Found a runed translucent door.
  2842 | D:3      | Noticed Crazy Yiuf
  2894 | D:3      | Killed Grinder
  2895 | D:3      | Reached skill level 5 in Spellcasting
  2895 | D:3      | Reached XP level 6. HP: 28/28 MP: 12/14
  3184 | D:3      | Killed Crazy Yiuf
  3307 | D:4      | Reached XP level 7. HP: 26/32 MP: 6/15
  3945 | D:4      | Reached skill level 6 in Spellcasting
  4070 | D:4      | Noticed Edmund
  4087 | D:4      | Killed Edmund
  4088 | D:4      | Gained mutation: You have razor-sharp teeth. [Vine Stalker
                  | growth]
  4088 | D:4      | Reached XP level 8. HP: 36/36 MP: 12/18
  4265 | D:5      | Entered Level 5 of the Dungeon
  4488 | D:5      | Reached skill level 1 in Evocations
  4608 | D:5      | Noticed Blork the orc
  4621 | D:5      | Killed Blork the orc
  4936 | D:5      | Reached skill level 7 in Spellcasting
  5473 | D:5      | Reached skill level 8 in Spellcasting
  5528 | D:6      | Reached XP level 9. HP: 39/39 MP: 19/22
  5548 | D:6      | Found a staircase to the Ecumenical Temple.
  5565 | Temple   | Entered the Ecumenical Temple
  5707 | Temple   | Became a worshipper of Gozag Ym Sagoz the Greedy
  5787 | D:6      | Reached skill level 5 in Transmutations
  6420 | D:6      | Noticed Eustachio
  6434 | D:6      | Killed Eustachio
  7079 | D:7      | Reached skill level 5 in Stealth
  7154 | D:6      | Reached skill level 1 in Short Blades
  7472 | D:7      | Noticed Harold
  7870 | D:7      | Found Ydghuryvo's Antique Weapon Emporium.
  8215 | D:7      | Identified the Guide on Translocation and Lightness
  8272 | D:7      | Killed Harold
  8273 | D:7      | Reached skill level 9 in Spellcasting
  8273 | D:7      | Reached XP level 10. HP: 35/44 MP: 3/24
  8477 | D:7      | Found a sacrificial altar of Ru.
  8657 | D:8      | Found a sparkling altar of Nemelex Xobeh.
  9016 | D:8      | Reached skill level 10 in Spellcasting
  9873 | D:9      | Noticed Prince Ribbit
  9875 | D:9      | Killed Prince Ribbit
  9876 | D:9      | Reached skill level 5 in Short Blades
 10004 | D:9      | Noticed Gastronok
 10272 | D:9      | Noticed Psyche
 10371 | D:9      | Noticed a two-headed ogre
 10455 | D:9      | Killed a two-headed ogre
 10785 | D:9      | Found Nuag's Gadget Emporium.
 10835 | D:9      | Killed Psyche
 11196 | D:9      | Killed Gastronok
 11197 | D:9      | Reached skill level 10 in Stealth
 11197 | D:9      | Reached XP level 11. HP: 24/47 MP: 1/26
 12125 | D:9      | Found a staircase to the Orcish Mines.
 12128 | D:9      | Found a roughly hewn altar of Beogh.
 12325 | D:10     | Entered Level 10 of the Dungeon
 12861 | D:10     | Noticed a two-headed ogre
 12920 | D:9      | Killed a two-headed ogre
 13484 | D:10     | Found a runed translucent gate.
 13485 | D:10     | Found a runed translucent gate.
 13486 | D:10     | Found a runed translucent gate.
 13489 | D:10     | Noticed rgaf's ghost (journeyman GrWz)
 13490 | D:10     | Identified the +7 dagger of Disembowelment {drain, *Slow
                  | rN+ Dex+4}
 13914 | D:11     | Noticed a sun demon
 14359 | D:11     | Noticed a cyclops
 14939 | D:11     | Reached skill level 11 in Spellcasting
 14945 | D:11     | Gained mutation: You heal very quickly. [Vine Stalker
                  | growth]
 14945 | D:11     | Reached XP level 12. HP: 34/51 MP: 28/28
 15103 | D:11     | Noticed a six-headed hydra
 15107 | D:11     | Killed a six-headed hydra
 15812 | D:11     | Noticed a two-headed ogre
 15816 | D:11     | Killed a two-headed ogre
 15817 | D:11     | Reached skill level 12 in Spellcasting
 16107 | D:11     | Reached skill level 5 in Evocations
 16286 | D:11     | Found a staircase to the Lair.
 17006 | Lair:1   | Entered Level 1 of the Lair of Beasts
 17131 | Lair:1   | Reached skill level 10 in Short Blades
 17155 | Lair:1   | Reached skill level 1 in Shields
 18901 | Lair:2   | Found a hole to the Spider Nest.
 19070 | Lair:2   | Noticed Fannar
 19486 | Lair:2   | Reached XP level 13. HP: 52/55 MP: 30/30
 20018 | Lair:2   | Killed Fannar
 20297 | Lair:2   | Learned a level 6 spell: Iron Shot
 21411 | Lair:3   | Reached skill level 13 in Spellcasting
 22117 | Lair:4   | Found a gate leading to a gauntlet.
 22127 | Gauntlet | Entered a Gauntlet
 22127 | Gauntlet | Found a transporter.
 22127 | Gauntlet | Found a transporter.
 22146 | Gauntlet | Found a transporter.
 22149 | Gauntlet | Found a transporter.
 22157 | Gauntlet | Found a transporter.
 22161 | Gauntlet | Found a transporter.
 22168 | Gauntlet | Identified the ring "Zivvat" {+Fly rC+}
 22178 | Gauntlet | Found a transporter.
 22184 | Gauntlet | Found a runed translucent gate.
 22185 | Gauntlet | Found a transporter.
 22185 | Gauntlet | Found a runed translucent gate.
 22186 | Gauntlet | Found a runed translucent gate.
 22199 | Gauntlet | Found a transporter.
 22203 | Gauntlet | Found a transporter.
 22214 | Gauntlet | Found a transporter.
 22215 | Gauntlet | Found a transporter.
 22791 | Gauntlet | Got a heavily runed hat
 22801 | Gauntlet | Identified the cursed +0 hat "Himat" {Int+3} (You found it
                  | in a Gauntlet)
 22963 | Gauntlet | Noticed a minotaur
 22989 | Gauntlet | Killed a minotaur
 22990 | Gauntlet | Reached skill level 1 in Fighting
 23109 | Gauntlet | Learned a level 5 spell: Borgnjor's Vile Clutch
 23109 | Gauntlet | Got a bloodstained short sword
 23113 | Gauntlet | Identified the +8 short sword "Hydrabane" {flame, *Corrode
                  | WL++ Str+6} (You found it in a Gauntlet)
 23342 | Lair:4   | Noticed Josephine
 23382 | Lair:3   | Reached skill level 1 in Armour
 23500 | Lair:3   | Killed Josephine
 23645 | Lair:4   | Found a staircase to the Swamp.
 24993 | Lair:4   | Reached skill level 10 in Earth Magic
 25580 | Lair:4   | Reached XP level 14. HP: 55/63 MP: 30/32
 26418 | Lair:5   | Noticed an entropy weaver
 26583 | Lair:5   | Noticed Rupert
 27600 | Lair:5   | Found a viscous altar of Jiyva.
 27603 | Lair:5   | Found a staircase to the Slime Pits.
 27703 | Lair:5   | Killed Rupert
 27704 | Lair:5   | Reached skill level 5 in Fighting
 27867 | Lair:6   | Entered Level 6 of the Lair of Beasts
 28528 | Lair:4   | Bought a book of Spatial Translocations for 1170 gold
                  | pieces
 28533 | Lair:4   | Learned a level 4 spell: Passage of Golubria
 29067 | Lair:5   | Found a viscous altar of Jiyva.
 29067 | Lair:5   | Found a staircase to the Slime Pits.
 29602 | Lair:5   | Slain by an eight-headed hydra

Illustrated notes

Levels and vault maps discovered:
D:1:      lightli_molten_gateway, layout_basic
D:2:      layout_basic
D:3:      layout_rooms, minmay_distorted, uniq_grinder, uniq_crazy_yiuf_cottage,
          uniq_ijyb
D:4:      minmay_chambers_of_fours, layout_basic, serial_corexii_hall,
          corexii_hall_statues_s, chequers_hall_statues_corner_a,
          minmay_manual_mess, uniq_edmund
D:5:      minmay_thick_lines, layout_loops_corners, uniq_blork_the_orc
D:6:      layout_rooms, minmay_temple_entry_drinking_statues, uniq_eustachio
D:7:      layout_gridville, kennysheep_little_box, serial_shops,
          kennysheep_mini_moat, grunt_ministairs_14, uniq_harold
D:8:      layout_basic, nemelex_dance_club_becter
D:9:      layout_rooms, minmay_orc_entry_temple_small, serial_shops,
          nicolae_shop_stone, uniq_psyche, uniq_prince_ribbit1, uniq_gastronok
D:10:     layout_small_grid, gammafunk_ghost_nasty_kobolds
D:11:     layout_small_grid, erik_lair_dragon
Temple:   compressed_dpeg_circular_temple
Lair:1:   layout_loops_ring, grunt_megastairs_2
Lair:2:   layout_hall_layers, nicolae_spider_entry_tight_spaces, uniq_fannar
Lair:3:   layout_regular_city, minmay_stone_trees_medium,
          hangedman_lair_unloving_vines
Lair:4:   layout_concentric_octagons, minmay_swamp_entry_swarm,
          gauntlet_entry_generic, uniq_josephine
Lair:5:   layout_loops_ring, slime_altar_1, portal_ice_cave_demonic_guard,
          wad_woods_antlair, uniq_rupert
Lair:6:   cheibrodos_lair_end_hotspot, layout_gridlike,
          grunt_forest_large_clearings, minmay_lair_oklob_chamber

Skill      XL: |  1  2  3  4  5  6  7  8  9 10 11 12 13 14 |
---------------+-------------------------------------------+-----
Earth Magic    | 4 5 6 7 8 10 | 10.0
Spellcasting   | 3 5 6 8 9 10 11 12 13 | 13.0
Transmutations | 2 3 4 5 8 9 |  9.0
Evocations     | 2 3 4 5 |  5.0
Conjurations   | 2 |  2.0
Stealth        | 5 10 | 10.0
Short Blades   | 4 6 9 10 | 10.0
Shields        | 4 |  4.0
Fighting       | 2 5 |  5.0
Armour         | 2 4 |  4.3
Dodging        | 3 |  3.0

Action                   |  1- 3 |  4- 6 |  7- 9 | 10-12 | 13-15 || total
-------------------------+-------+-------+-------+-------+-------++-------
Melee: Unarmed           |     3 |       |       |       |       ||     3
       Dagger            |     6 |   112 |   433 |   517 |   194 ||  1262
       Bite              |       |    29 |   134 |   159 |   193 ||   515
       Short sword       |       |       |       |       |   380 ||   380
Throw: Dart              |       |       |     2 |       |     1 ||     3
       Throwing net      |       |       |     1 |       |       ||     1
       Stone             |       |       |       |     1 |     2 ||     3
 Cast: Sandblast         |    27 |     5 |       |     2 |       ||    34
       Petrify           |       |     6 |    50 |    59 |   151 ||   266
       Lee's Rapid Decon |       |       |     3 |   166 |    10 ||   179
       Iron Shot         |       |       |       |       |     5 ||     5
       Borgnjor's Vile C |       |       |       |       |     1 ||     1
Invok: Call Merchant     |       |       |       |       |     4 ||     4
       Potion Petition   |       |       |       |       |     1 ||     1
Evoke: Wand              |       |       |       |       |     1 ||     1
       Phantom mirror    |       |       |       |       |     1 ||     1
  Use: Scroll            |     1 |     8 |     5 |    10 |    16 ||    40
       Potion            |     2 |       |       |     4 |     2 ||     8
 Stab: Sleeping          |       |     7 |     5 |    12 |    12 ||    36
       Petrified         |       |    12 |    71 |    26 |    54 ||   163
       Petrifying        |       |       |     7 |     7 |    25 ||    39
       Distracted        |       |       |     2 |     4 |     2 ||     8
Armor: Robe              |     1 |    26 |   112 |   119 |   117 ||   375
Dodge: Dodged            |    14 |    70 |   265 |   252 |   299 ||   900
Block: Buckler           |       |       |       |    10 |   125 ||   135

Table legend: (Time is in decaauts)
 A = Elapsed time spent in this place.
 B = Non-inter-level travel time spent in this place.
 C = Inter-level travel time spent in this place.
 D = Time resting spent in this place.
 E = Time spent auto-exploring this place.
 F = Levels seen in this place.
 G = Mean time per level.
                   A        B        C        D        E       F      G
               +--------+--------+--------+--------+--------+-----+--------+
         Total |  29200 |  27431 |   1769 |   6124 |  15005 |  19 | 1536.8 |
       Dungeon |  16726 |  15775 |    951 |   2785 |   9712 |  11 | 1520.5 |
        Temple |    159 |    146 |     13 |      0 |    140 |   1 |  159.0 |
          Lair |  11344 |  10539 |    805 |   2811 |   5025 |   6 | 1890.7 |
      Gauntlet |    969 |    969 |      0 |    528 |    127 |   1 |  969.0 |
               +--------+--------+--------+--------+--------+-----+--------+

Top non-repeatable levels by time:
  Lair:5: 3760 daAuts
    D:11: 2865 daAuts
     D:9: 2405 daAuts
  Lair:2: 1972 daAuts
  Lair:3: 1955 daAuts
  Lair:4: 1844 daAuts
     D:8: 1724 daAuts
  Lair:1: 1694 daAuts
     D:5: 1533 daAuts
     D:2: 1474 daAuts
     D:7: 1443 daAuts
    D:10: 1373 daAuts
     D:6: 1116 daAuts
     D:3: 1088 daAuts
Gauntlet: 969 daAuts
